| TOP OF THE 1ST |
|
Chicago Cubs batting - Pitching for Los Angeles Dodgers : RHP Ray Scifo
|
|
Pitching: RHP Ray Scifo
|
|
|
Batting: RHB Yasuhide Kasahara
|
0-0: Foul Ball, location: 2F 0-1: SINGLE (Groundball, 34D, EV 110.6 MPH)
|
|
Batting: LHB Kevin Norton
|
0-0: Foul Ball, location: 2F 0-1: Ball 1-1: Called Strike 1-2: Foul Ball, location: 2F 1-2: Foul Ball, location: 2F 1-2: Foul Ball, location: 2F 1-2: Ball 2-2: Fly out, F7 (Line Drive, 7, EV 90.0 MPH)
|
|
Batting: RHB Efrain Vargas
|
0-0: Foul Ball, location: 2F 0-1: Ball 1-1: Ball 2-1: Ball 3-1: Foul Ball, location: 2F 3-2: Fly out, F3 (Flyball, 3D, EV 83.8 MPH)
|
|
Batting: SHB Terry Tuckfard
|
0-0: Called Strike 0-1: Ball 1-1: Ball 2-1: Foul Ball, location: 2F 2-2: Ground out U3 (Groundball, 34, EV 86.2 MPH)
|
| Top of the 1st over - 0 runs, 1 hit, 0 errors, 1 left on base; Chicago 0 - Los Angeles 0 |
| BOTTOM OF THE 1ST |
|
Los Angeles Dodgers batting - Pitching for Chicago Cubs : RHP Nate Jackson
|
|
Pitching: RHP Nate Jackson
|
|
|
Batting: SHB Joel Baker
|
0-0: Ball 1-0: Ball 2-0: Foul Ball, location: 2F 2-1: Foul Ball, location: 2F 2-2: Fly out, F8 (Flyball, 8LM, EV 86.2 MPH)
|
|
Batting: RHB Jorge Severiano
|
0-0: Called Strike 0-1: Called Strike 0-2: Foul Ball, location: 2F 0-2: Foul Ball, location: 2F 0-2: Foul Ball, location: 2F 0-2: Ball 1-2: SINGLE (Flyball, 4MD, EV 94.4 MPH)
|
|
Batting: LHB Bob Branham
|
0-0: Foul Ball, location: 2F 0-1: Foul Ball, location: 2F 0-2: Fly out, F7 (Flyball, 7, EV 80.6 MPH)
|
|
Batting: LHB Lirak Bazhunaishvili
|
0-0: Ball 1-0: Ball 2-0: Fly out, F6 (Popup, 6MS, EV 65.6 MPH)
|
| Bottom of the 1st over - 0 runs, 1 hit, 0 errors, 1 left on base; Chicago 0 - Los Angeles 0 |
| TOP OF THE 2ND |
|
Chicago Cubs batting - Pitching for Los Angeles Dodgers : RHP Ray Scifo
|
|
Batting: RHB Josh Kalman
|
0-0: Ball 1-0: Called Strike 1-1: Ground out 5-3 (Groundball, 56S, EV 75.6 MPH)
|
|
Batting: RHB Kaeo Zirpoli
|
0-0: Ball 1-0: Ball 2-0: Ball 3-0: Called Strike 3-1: Base on Balls
|
|
Batting: RHB Will Leslie
|
0-0: Foul Ball, location: 2F 0-1: Foul Ball, location: 2F 0-2: Ball 1-2: Ball 2-2: SINGLE (Line Drive, 9S, EV 93.8 MPH) Kaeo Zirpoli to second
|
|
Batting: SHB Art Kent
|
0-0: Ball 1-0: Fly out, F6 (Popup, 6, EV 67.5 MPH)
|
|
Batting: RHB Jamie Ogilvie
|
0-0: Fly out, F7 (Flyball, 7, EV 95.0 MPH)
|
| Top of the 2nd over - 0 runs, 1 hit, 0 errors, 2 left on base; Chicago 0 - Los Angeles 0 |
| BOTTOM OF THE 2ND |
|
Los Angeles Dodgers batting - Pitching for Chicago Cubs : RHP Nate Jackson
|
|
Batting: RHB Clay Buchanan
|
0-0: Ball 1-0: Swinging Strike 1-1: Ball 2-1: Fly out, F8 (Line Drive, 8LM, EV 95.0 MPH)
|
|
Batting: LHB Ryan Taylor
|
0-0: Swinging Strike 0-1: Ground out 3-1 (Groundball, 34S, EV 88.1 MPH)
|
|
Batting: RHB Tsutomu Irie
|
0-0: Foul Ball, location: 2F 0-1: Foul Ball, location: 2F 0-2: Foul Ball, location: 2F 0-2: Strikes out swinging
|
| Bottom of the 2nd over - 0 runs, 0 hits, 0 errors, 0 left on base; Chicago 0 - Los Angeles 0 |
| TOP OF THE 3RD |
|
Chicago Cubs batting - Pitching for Los Angeles Dodgers : RHP Ray Scifo
|
|
Batting: RHB Yasuhide Kasahara
|
0-0: Ball 1-0: Swinging Strike 1-1: Ball 2-1: Fly out, F9 (Line Drive, 9, EV 92.5 MPH)
|
|
Batting: LHB Kevin Norton
|
0-0: Ball 1-0: Swinging Strike 1-1: Swinging Strike 1-2: Strikes out looking
|
|
Batting: RHB Efrain Vargas
|
0-0: Called Strike 0-1: Ball 1-1: Ball 2-1: Foul Ball, location: 2F 2-2: Ball 3-2: Base on Balls
|
|
Batting: SHB Terry Tuckfard
|
0-0: Ball 1-0: Swinging Strike 1-1: Ball 2-1: Foul Ball, location: 2F 2-2: Ball 3-2: Base on Balls Efrain Vargas to second
|
|
Batting: RHB Josh Kalman
|
0-0: Called Strike 0-1: Fly out, F8 (Flyball, 8LD, EV 83.1 MPH)
|
| Top of the 3rd over - 0 runs, 0 hits, 0 errors, 2 left on base; Chicago 0 - Los Angeles 0 |
| BOTTOM OF THE 3RD |
|
Los Angeles Dodgers batting - Pitching for Chicago Cubs : RHP Nate Jackson
|
|
Batting: SHB Carlos Rodriguez
|
0-0: Ball 1-0: Ball 2-0: Ball 3-0: Called Strike 3-1: Foul Ball, location: 2F 3-2: Strikes out looking
|
|
Batting: RHB Ben Mischnick
|
0-0: Foul Ball, location: 2F 0-1: Foul Ball, location: 2F 0-2: Strikes out swinging
|
|
Batting: SHB Joel Baker
|
0-0: SINGLE (Groundball, P, EV 94.4 MPH) (infield hit)
|
|
Batting: RHB Jorge Severiano
|
0-0: Called Strike 0-1: Ball 1-1: Ball 2-1: Ball Joel Baker steals 2nd base 3-1: Fly out, F3 (Popup, 3, EV 75.0 MPH)
|
| Bottom of the 3rd over - 0 runs, 1 hit, 0 errors, 1 left on base; Chicago 0 - Los Angeles 0 |
| TOP OF THE 4TH |
|
Chicago Cubs batting - Pitching for Los Angeles Dodgers : RHP Ray Scifo
|
|
Batting: RHB Kaeo Zirpoli
|
0-0: Ball 1-0: Ball 2-0: Fly out, F8 (Line Drive, 8RM, EV 84.4 MPH)
|
|
Batting: RHB Will Leslie
|
0-0: Fly out, F7 (Flyball, 7, EV 77.5 MPH)
|
|
Batting: SHB Art Kent
|
0-0: Called Strike 0-1: Ball 1-1: Called Strike 1-2: Ball 2-2: Foul Ball, location: 2F 2-2: Ground out 4-3 (Groundball, 4, EV 94.4 MPH)
|
| Top of the 4th over - 0 runs, 0 hits, 0 errors, 0 left on base; Chicago 0 - Los Angeles 0 |
| BOTTOM OF THE 4TH |
|
Los Angeles Dodgers batting - Pitching for Chicago Cubs : RHP Nate Jackson
|
|
Batting: LHB Bob Branham
|
0-0: Ball 1-0: Ground out U3 (Groundball, 3S, EV 79.4 MPH)
|
|
Batting: LHB Lirak Bazhunaishvili
|
0-0: Ball 1-0: Ball 2-0: Swinging Strike 2-1: Ball 3-1: Swinging Strike 3-2: Base on Balls
|
|
Batting: RHB Clay Buchanan
|
0-0: Ball 1-0: Foul Ball, location: 2F 1-1: Foul Ball, location: 2F 1-2: Ball 2-2: Foul Ball, location: 2F 2-2: Foul Ball, location: 2F 2-2: Foul Ball, location: 2F 2-2: Ball Lirak Bazhunaishvili steals 2nd base 3-2: Foul Ball, location: 2F 3-2: Strikes out looking
|
|
Batting: LHB Ryan Taylor
|
0-0: Called Strike 0-1: Ball 1-1: SINGLE (Line Drive, 4MD, EV 95.6 MPH) Lirak Bazhunaishvili to third Runner from 3rd tries for Home, SAFE, throw by CF to home Ryan Taylor to second
|
|
Batting: RHB Tsutomu Irie
|
0-0: Fly out, F7 (Line Drive, 7D, EV 88.8 MPH)
|
| Bottom of the 4th over - 1 run, 1 hit, 0 errors, 1 left on base; Chicago 0 - Los Angeles 1 |
| TOP OF THE 5TH |
|
Chicago Cubs batting - Pitching for Los Angeles Dodgers : RHP Ray Scifo
|
|
Batting: RHB Jamie Ogilvie
|
0-0: Ball 1-0: Ball 2-0: Called Strike 2-1: Swinging Strike 2-2: Ball 3-2: Foul Ball, location: 2F 3-2: Foul Ball, location: 2F 3-2: Strikes out looking
|
|
Batting: RHB Yasuhide Kasahara
|
0-0: Called Strike 0-1: SINGLE (Flyball, 34D, EV 91.9 MPH)
|
|
Batting: LHB Kevin Norton
|
0-0: Ball Yasuhide Kasahara is caught stealing 2nd base 2-6 1-0: Ground out 4-3 (Groundball, 4, EV 87.5 MPH)
|
| Top of the 5th over - 0 runs, 1 hit, 0 errors, 0 left on base; Chicago 0 - Los Angeles 1 |
| BOTTOM OF THE 5TH |
|
Los Angeles Dodgers batting - Pitching for Chicago Cubs : RHP Nate Jackson
|
|
Batting: SHB Carlos Rodriguez
|
0-0: Ball 1-0: Ball 2-0: SOLO HOME RUN (Flyball, 89XD, EV 96.9 MPH), Distance : 392 ft
|
|
Batting: RHB Ben Mischnick
|
0-0: Foul Ball, location: 2F 0-1: Called Strike 0-2: Ball 1-2: Foul Ball, location: 2F 1-2: Strikes out swinging
|
|
Batting: SHB Joel Baker
|
0-0: Swinging Strike 0-1: Called Strike 0-2: Ball 1-2: Foul Ball, location: 2F 1-2: Ball 2-2: Strikes out looking
|
|
Batting: RHB Jorge Severiano
|
0-0: Ball 1-0: Foul Ball, location: 2F 1-1: Ball 2-1: Foul Ball, location: 2F 2-2: DOUBLE (Line Drive, 9LM, EV 104.4 MPH)
|
|
Batting: LHB Bob Branham
|
0-0: Called Strike 0-1: Foul Ball, location: 2F 0-2: Ball 1-2: Ball 2-2: SINGLE (Groundball, 34D, EV 102.5 MPH) Jorge Severiano to third Runner from 3rd tries for Home, SAFE, throw by RF to home Bob Branham to second
|
|
Batting: LHB Lirak Bazhunaishvili
|
0-0: Ball 1-0: Swinging Strike 1-1: Foul Ball, location: 2F 1-2: Foul Ball, location: 2F 1-2: Foul Ball, location: 2F 1-2: Ball 2-2: Ground out 5-3 (Groundball, 56S, EV 78.8 MPH)
|
| Bottom of the 5th over - 2 runs, 3 hits, 0 errors, 1 left on base; Chicago 0 - Los Angeles 3 |
| TOP OF THE 6TH |
|
Chicago Cubs batting - Pitching for Los Angeles Dodgers : RHP Ray Scifo
|
|
Batting: RHB Efrain Vargas
|
0-0: Ball 1-0: Called Strike 1-1: Ball 2-1: DOUBLE (Groundball, 3L, EV 104.4 MPH)
|
|
Batting: SHB Terry Tuckfard
|
0-0: Called Strike 0-1: Foul Ball, location: 2F 0-2: Strikes out swinging
|
|
Batting: RHB Josh Kalman
|
0-0: Ball 1-0: Ball 2-0: Foul Ball, location: 2F 2-1: Foul Ball, location: 2F 2-2: Ball 3-2: DOUBLE (Line Drive, 5D, EV 105.0 MPH) Efrain Vargas scores
|
|
Batting: RHB Kaeo Zirpoli
|
0-0: Foul Ball, location: 2F 0-1: Foul Ball, location: 2F 0-2: Ball 1-2: Ball 2-2: Ball 3-2: Base on Balls
|
|
Batting: RHB Will Leslie
|
0-0: Ball 1-0: Ball 2-0: Ball 3-0: Base on Balls Josh Kalman to third Kaeo Zirpoli to second
|
|
Pitching: LHP Lance Crumpton
|
|
|
Batting: RHB Steve Bui
|
0-0: Called Strike 0-1: DOUBLE (Groundball, 5L, EV 104.4 MPH) Josh Kalman scores Kaeo Zirpoli scores Will Leslie to third
|
|
Batting: RHB Jamie Ogilvie
|
0-0: Ball 1-0: Ball 2-0: Ball 3-0: Base on Balls
|
|
Batting: RHB Yasuhide Kasahara
|
0-0: Ball 1-0: Ball 2-0: Foul Ball, location: 2F 2-1: SINGLE (Groundball, 6MD, EV 105.0 MPH) Will Leslie scores Steve Bui to third Jamie Ogilvie to second
|
|
Batting: LHB Kevin Norton
|
0-0: Ball 1-0: Called Strike 1-1: Ball 2-1: SINGLE (Groundball, 34S, EV 67.5 MPH) (infield hit) Steve Bui scores Jamie Ogilvie to third Yasuhide Kasahara to second
|
|
Batting: RHB Efrain Vargas
|
0-0: Ball 1-0: Called Strike 1-1: Ball 2-1: SINGLE (Groundball, 4MD, EV 111.9 MPH) (infield hit) Jamie Ogilvie scores Yasuhide Kasahara to third Kevin Norton to second
|
|
Batting: SHB Terry Tuckfard
|
0-0: Ball 1-0: Ball 2-0: Foul Ball, location: 2F 2-1: Ball 3-1: Foul Ball, location: 2F 3-2: Strikes out swinging
|
|
Batting: RHB Josh Kalman
|
0-0: Ball 1-0: Fly out, F9 (Flyball, 9D, EV 100.6 MPH)
|
| Top of the 6th over - 6 runs, 6 hits, 0 errors, 3 left on base; Chicago 6 - Los Angeles 3 |
| BOTTOM OF THE 6TH |
|
Los Angeles Dodgers batting - Pitching for Chicago Cubs : RHP Nate Jackson
|
|
Batting: RHB Clay Buchanan
|
0-0: Ball 1-0: Foul Ball, location: 2F 1-1: Fly out, F3 (Popup, 3SF, EV 71.2 MPH)
|
|
Batting: LHB Ryan Taylor
|
0-0: Hit by Pitch
|
|
Batting: RHB Tsutomu Irie
|
0-0: Ball 1-0: Called Strike Ryan Taylor steals 2nd base 1-1: Ball 2-1: Foul Ball, location: 2F 2-2: Foul Ball, location: 2F 2-2: Foul Ball, location: 2F 2-2: Strikes out swinging
|
|
Pitching: RHP Rich Ortega
|
|
|
Batting: SHB Carlos Rodriguez
|
0-0: Called Strike 0-1: Called Strike 0-2: Hit by Pitch
|
|
Batting: RHB Ben Mischnick
|
0-0: Called Strike 0-1: Called Strike 0-2: Ball 1-2: Strikes out looking
|
| Bottom of the 6th over - 0 runs, 0 hits, 0 errors, 2 left on base; Chicago 6 - Los Angeles 3 |
| TOP OF THE 7TH |
|
Chicago Cubs batting - Pitching for Los Angeles Dodgers : LHP Lance Crumpton
|
|
Pitching: RHP Adrian Serratos
|
|
|
Batting: RHB Kaeo Zirpoli
|
0-0: Ball 1-0: Called Strike 1-1: Foul Ball, location: 2F 1-2: Ground out 5-3 (Groundball, 56S, EV 66.2 MPH)
|
|
Batting: RHB Will Leslie
|
0-0: Ball 1-0: Foul Ball, location: 2F 1-1: Fly out, F2 (Popup, 3SF, EV 83.1 MPH)
|
|
Batting: RHB Steve Bui
|
0-0: Ball 1-0: Called Strike 1-1: Ball 2-1: Called Strike 2-2: Ball 3-2: Base on Balls
|
|
Batting: RHB Jamie Ogilvie
|
0-0: Called Strike 0-1: Ball 1-1: Ball 2-1: Ball 3-1: Called Strike 3-2: Foul Ball, location: 2F 3-2: Ground out 6-3 (Groundball, 6, EV 86.2 MPH)
|
| Top of the 7th over - 0 runs, 0 hits, 0 errors, 1 left on base; Chicago 6 - Los Angeles 3 |
| BOTTOM OF THE 7TH |
|
Los Angeles Dodgers batting - Pitching for Chicago Cubs : RHP Rich Ortega
|
|
Batting: SHB Joel Baker
|
0-0: Ball 1-0: Swinging Strike 1-1: Ball 2-1: Fly out, F9 (Flyball, 9D, EV 94.4 MPH)
|
|
Batting: RHB Jorge Severiano
|
0-0: Called Strike 0-1: Ball 1-1: Hit by Pitch
|
|
Batting: LHB Bob Branham
|
0-0: Ball Jorge Severiano is caught stealing 2nd base 2-6 1-0: Foul Ball, location: 2F 1-1: Ball 2-1: SOLO HOME RUN (Flyball, 9LD, EV 93.1 MPH), Distance : 357 ft
|
|
Batting: LHB Lirak Bazhunaishvili
|
0-0: Called Strike 0-1: Swinging Strike 0-2: Ball 1-2: Ball 2-2: Ball 3-2: Strikes out swinging
|
| Bottom of the 7th over - 1 run, 1 hit, 0 errors, 0 left on base; Chicago 6 - Los Angeles 4 |
| TOP OF THE 8TH |
|
Chicago Cubs batting - Pitching for Los Angeles Dodgers : RHP Adrian Serratos
|
|
Pitching: LHP Josh Ramirez
|
|
|
Batting: RHB Yasuhide Kasahara
|
0-0: Foul Ball, location: 2F 0-1: Called Strike 0-2: Foul Ball, location: 2F 0-2: Foul Ball, location: 2F 0-2: Foul Ball, location: 2F 0-2: Ball 1-2: Ball 2-2: Foul Ball, location: 2F 2-2: Ball 3-2: Strikes out swinging
|
|
Batting: LHB Kevin Norton
|
0-0: Ball 1-0: Called Strike 1-1: Foul Ball, location: 2F 1-2: Strikes out swinging
|
|
Batting: RHB Efrain Vargas
|
0-0: Ground out U3 (Groundball, 34S, EV 90.0 MPH)
|
| Top of the 8th over - 0 runs, 0 hits, 0 errors, 0 left on base; Chicago 6 - Los Angeles 4 |
| BOTTOM OF THE 8TH |
|
Los Angeles Dodgers batting - Pitching for Chicago Cubs : RHP Rich Ortega
|
|
Pitching: RHP Eric Oakes
|
|
|
Batting: RHB Clay Buchanan
|
0-0: Foul Ball, location: 2F 0-1: Swinging Strike 0-2: Ball 1-2: Strikes out swinging
|
|
Batting: LHB Ryan Taylor
|
0-0: Ball 1-0: Foul Ball, location: 2F 1-1: Swinging Strike 1-2: Foul Ball, location: 2F 1-2: Strikes out swinging
|
|
Batting: RHB Tsutomu Irie
|
0-0: Called Strike 0-1: Ball 1-1: Ground out 5-3 (Groundball, 5, EV 83.1 MPH)
|
| Bottom of the 8th over - 0 runs, 0 hits, 0 errors, 0 left on base; Chicago 6 - Los Angeles 4 |
| TOP OF THE 9TH |
|
Chicago Cubs batting - Pitching for Los Angeles Dodgers : LHP Josh Ramirez
|
|
Batting: SHB Terry Tuckfard
|
0-0: Ball 1-0: Ground out 6-3 (Groundball, 56, EV 86.2 MPH)
|
|
Batting: RHB Josh Kalman
|
0-0: Ball 1-0: Ball 2-0: Ball 3-0: Called Strike 3-1: Base on Balls
|
|
Batting: RHB Kaeo Zirpoli
|
Pickoff Throw to First - Error! E1 Josh Kalman to second 0-0: Called Strike Josh Kalman steals 3rd base 0-1: Swinging Strike 0-2: Ball 1-2: Ball 2-2: SINGLE (Groundball, 56S, EV 61.9 MPH) (infield hit) Josh Kalman scores
|
|
Batting: RHB Will Leslie
|
0-0: Ball 1-0: Ball 2-0: Ball 3-0: Called Strike 3-1: Base on Balls Kaeo Zirpoli to second
|
|
Batting: RHB Steve Bui
|
0-0: Ball 1-0: Ball 2-0: Ball 3-0: Base on Balls Kaeo Zirpoli to third Will Leslie to second
|
|
Batting: RHB Jamie Ogilvie
|
0-0: Ball 1-0: Foul Ball, location: 2F 1-1: Foul Ball, location: 2F 1-2: Strikes out swinging
|
|
Batting: RHB Yasuhide Kasahara
|
0-0: Ball 1-0: Ball 2-0: Called Strike 2-1: Ball 3-1: SINGLE (Line Drive, 3D, EV 99.4 MPH) Kaeo Zirpoli scores Will Leslie to third Steve Bui to second Runner from 3rd tries for Home, SAFE, throw by RF to home
|
|
Batting: LHB Kevin Norton
|
0-0: Ball 1-0: Ball Wild Pitch! Steve Bui to third Yasuhide Kasahara to second 2-0: Foul Ball, location: 2F 2-1: Swinging Strike 2-2: Ball 3-2: Ground out 4-3 (Groundball, 4, EV 86.9 MPH)
|
| Top of the 9th over - 3 runs, 2 hits, 1 error, 2 left on base; Chicago 9 - Los Angeles 4 |
| BOTTOM OF THE 9TH |
|
Los Angeles Dodgers batting - Pitching for Chicago Cubs : RHP Eric Oakes
|
|
Batting: SHB Carlos Rodriguez
|
0-0: Ground out 4-3 (Groundball, 4, EV 98.1 MPH)
|
|
Now at 2B: Andy Wasierski
|
|
|
Batting: RHB Ben Mischnick
|
0-0: SINGLE (Line Drive, 4M, EV 96.2 MPH)
|
|
Batting: SHB Joel Baker
|
0-0: Foul Ball, location: 2F 0-1: Ball 1-1: Foul Ball, location: 2F 1-2: Foul Ball, location: 2F 1-2: Ball 2-2: Strikes out swinging
|
|
Batting: RHB Jorge Severiano
|
0-0: Ball 1-0: Called Strike 1-1: Swinging Strike 1-2: Foul Ball, location: 2F 1-2: Fly out, F9 (Line Drive, 9, EV 90.0 MPH)
|
| Bottom of the 9th over - 0 runs, 1 hit, 0 errors, 1 left on base; Chicago 9 - Los Angeles 4 |
|